 Dungeon Crawl Stone Soup version 0.30-a0-458-g86641cc369 (webtiles) character file.

Game seed: 7857027564956860303

28 DeathPants the Sneak (level 3, 0/18 HPs)
             Began as a Vine Stalker Enchanter on Dec 14, 2022.
             Succumbed to an adder's poison
             ... on level 3 of the Dungeon.
             The game lasted 00:03:32 (940 turns).

DeathPants the Sneak (Vine Stalker Enchanter)        Turns: 940, Time: 00:03:32

Health: 0/18       AC:  2    Str: 10    XL:     3   Next: 14%
Magic:  7/7        EV: 12    Int: 15    God:
Gold:   99         SH:  0    Dex: 16    Spells: 1/7 levels left

rFire   + . .      SeeInvis .    a - +1 dagger
rCold   + . .      Faith    .    (no shield)
rNeg    . . .      Spirit   +    b - +0 robe
rPois   +          Reflect  .    (no helmet)
rElec   +          Harm     .    (no cloak)
rCorr   +          Rampage  .    (no gloves)
Will    .....                    (no boots)
Stlth   +++.......               (no amulet)
HPRegen 0.23/turn                (no ring)
MPRegen 0.10/turn                (no ring)

@: lethally poisoned (0 -> -2), resistant
A: fangs 2, magic shield, antimagic bite, no potion heal 2
a: no special abilities


You were on level 3 of the Dungeon.
You visited 1 branch of the dungeon, and saw 3 of its levels.

You collected 99 gold pieces.

Inventory:

Hand Weapons
 a - a +1 dagger (weapon)
Missiles
 h - a poisoned dart (quivered)
Armour
 b - a +0 robe (worn)
Scrolls
 d - a scroll of enchant weapon {unknown}
 f - a scroll of blinking {unknown}
 i - a scroll of amnesia {unknown}
Potions
 c - 2 potions of invisibility
 g - a potion of resistance


   Skills:
 + Level 1.0 Fighting
 - Level 0.8 Short Blades
 - Level 1.5 Dodging
 + Level 4.1 Stealth
 + Level 2.6 Spellcasting
 + Level 3.3 Hexes


You had one spell level left.
You knew the following spells:

 Your Spells              Type           Power      Damage    Failure   Level
a - Confusing Touch       Hex            11%        N/A       16%         3
b - Tukima's Dance        Hex            11%        N/A       16%         3

Your spell library contained the following spells:

 Spells                   Type           Power      Damage    Failure   Level
 Ensorcelled Hibernation  Hex/Ice        12%        N/A       16%         2
 Cigotuvi's Dreadful Rot  Necr/Pois/Air  2%         N/A       32%         2
 Dazzling Flash           Conj/Hex       12%        N/A       32%         3
 Dispel Undead            Necr           1%         3d6       91%         4
 Death Channel            Necr           0%         N/A       100%        6


Dungeon Overview and Level Annotations

Branches:
Dungeon (3/15)

Altars:


Innate Abilities, Weirdness & Mutations

You have extremely sharp teeth.
When hurt, damage is shared between your health and your magic reserves.
Your bite disrupts and absorbs the magic of your enemies.
Potions cannot restore your health.


Message History

The sling bullet misses you.
You barely miss the adder.
The adder is moderately wounded.
The goblin shoots a sling bullet.
The sling bullet closely misses you. The adder bites you.
You are poisoned.
The adder poisons you!
You hit the adder but do no damage. You bite the adder. You drain its power.
You feel invigorated.
The adder is severely wounded.
You feel sick. The adder bites you.
You are more poisoned.
The adder poisons you! The adder bites you.
You closely miss the adder.
The adder is severely wounded.
You feel sick.
The goblin shoots a sling bullet.
The sling bullet hits you.
* * * LOW HITPOINT WARNING * * *
The adder bites you.
An orc comes into view. It is wielding a +0 club.
You hear a shout!
You hit the adder but do no damage.
The adder is severely wounded.
* * * LOW HITPOINT WARNING * * *
You feel sick.
You hear a shout!
The adder barely misses you.
It was a potion of resistance.
You feel protected.
* * * LOW HITPOINT WARNING * * *
You feel sick. The adder bites you.
The goblin shoots a sling bullet.
The sling bullet hits you.
It was a potion of magic.
Magic courses through your body.
* * * LOW HITPOINT WARNING * * *
You feel sick. The adder closely misses you.
The goblin shoots a sling bullet.
The sling bullet hits you. The adder bites you but does no damage.
The orc shouts!
You hit the adder but do no damage.
The adder appears confused.
You bite the adder. You drain its power.
You feel invigorated.
The adder is severely wounded.
You die...

.. # #. .#
#.######.###..
........#....
######.........S..
#.................
#...).............
#.)..@S.....(.....
###.......(..$....
#...............
#...............
####)g.o........
#......##?...
#.....## ##.
....#..o
#.#..##.g.


You could see an adder (confused, poisoned), 2 orcs and a goblin.

Vanquished Creatures
  A dart slug (D:1)
  3 bats
  2 endoplasms
  5 goblins
  3 hobgoblins
  3 jackals (D:2)
  3 kobolds
  A quokka (D:1)
  2 ball pythons (D:1)
  A rat (D:1)
24 creatures vanquished.

Notes
Turn   | Place    | Note
-------+----------+-------------------------------------------
     0 | D:1      | DeathPants the Vine Stalker Enchanter began the quest for
                  | the Orb.
     0 | D:1      | Reached XP level 1. HP: 9/9 MP: 4/4
   129 | D:1      | Found a faded altar of an unknown god.
   132 | D:1      | Reached XP level 2. HP: 14/14 MP: 6/6
   426 | D:1      | Reached skill level 4 in Stealth
   777 | D:2      | Reached XP level 3. HP: 16/17 MP: 5/7
   781 | D:2      | Learned a level 3 spell: Confusing Touch
   785 | D:2      | Learned a level 3 spell: Tukima's Dance
   891 | D:3      | Reached skill level 1 in Fighting
   940 | D:3      | Succumbed to an adder's poison

Illustrated notes

Levels and vault maps discovered:
D:1:      minmay_arrival_three_doors, layout_rooms,
          ebering_ecumenical_altar_rust, serial_bayou_ford_a,
          dreamdust_princess_bridge, grunt_decor_mini_mirrors, chequers_garden
D:2:      layout_loops_ring, uniq_natasha
D:3:      cheibrodos_old_hovel, layout_rooms, chequers_avenue

Skill      XL: |  1  2  3 |
---------------+----------+-----
Stealth        | 4 |  4.1
Fighting       | 1 |  1.0
Short Blades   | |  0.8
Dodging        | |  1.5
Spellcasting   | |  2.6
Hexes          | |  3.3

Action                   || total
-------------------------++-------
Melee: Dagger            ||    73
       Bite              ||    16
       Punch             ||     1
Throw: Dart              ||     2
 Cast: Confusing Touch   ||     1
  Use: Potion            ||     2
 Stab: Sleeping          ||     7
Armor: Robe              ||    14
Dodge: Dodged            ||    56

Table legend: (Time is in decaauts)
 A = Elapsed time spent in this place.
 B = Non-inter-level travel time spent in this place.
 C = Inter-level travel time spent in this place.
 D = Time resting spent in this place.
 E = Time spent auto-exploring this place.
 F = Levels seen in this place.
 G = Mean time per level.
                   A        B        C        D        E       F      G
               +--------+--------+--------+--------+--------+-----+--------+
         Total |    942 |    916 |     26 |     43 |    551 |   3 |  314.0 |
       Dungeon |    942 |    916 |     26 |     43 |    551 |   3 |  314.0 |
               +--------+--------+--------+--------+--------+-----+--------+

Top non-repeatable levels by time:
     D:1: 690 daAuts
     D:2: 189 daAuts
     D:3: 62 daAuts
